 Dungeon Crawl Stone Soup version 0.30.0-17-ge0270778cf (webtiles) character file.

Game seed: 8130995716777002863

93 RascalDebosk the Magician (level 4, 0/33 HPs)
             Began as a Djinni Warper on May 22, 2023.
             Killed from afar by an orc wizard (3 damage)
             ... with a puff of flame
             ... on level 3 of the Dungeon.
             The game lasted 00:16:11 (1544 turns).

RascalDebosk the Magician (Djinni Warper)           Turns: 1544, Time: 00:16:12

Health: 0/33       AC:  3    Str: 10    XL:     4   Next: 91%
Gold:   95         EV: 11    Int: 16    God:
                   SH:  0    Dex: 13

rFire   + + .        a - +0 falchion
rCold   x . .        (no shield)
rNeg    . . .        b - +0 leather armour
rPois   ∞            (no helmet)
rElec   .            (no cloak)
rCorr   .            (no gloves)
SInv    .            (boots unavailable)
Will    .....        (no amulet)
Stlth   +            (no ring)
HPRegen 0.25/turn    (no ring)
MPRegen 0.00/turn

%: infuse magic (-1 HP)
@: flying
A: sickness immunity, fire resistance 2, cold vulnerability 1, float, innate
caster, HP casting, extra vitality 1
a: no special abilities


You were on level 3 of the Dungeon.
You visited 1 branch of the dungeon, and saw 3 of its levels.

You collected 95 gold pieces.

Inventory:

Hand Weapons
 a - a +0 falchion (weapon)
Armour
 b - a +0 leather armour (worn)
Scrolls
 h - a scroll of fear {unknown}
 i - a scroll of acquirement {unknown}
 k - a scroll of immolation {unknown}
Potions
 c - 2 potions of attraction {unknown}
 e - a potion of degeneration {unknown}
 f - 4 potions of curing {unknown}
 j - 2 potions of magic {unknown}


   Skills:
 * Level 2.1 Fighting
 + Level 1.8 Long Blades
 - Level 0.7 Throwing
 - Level 1.0 Armour
 - Level 2.1 Dodging
 * Level 4.0 Spellcasting


You knew the following spells:

 Your Spells              Type           Power      Damage    Failure   Level
a - Blink                 Tloc           32%        N/A       7%          2
b - Lesser Beckoning      Tloc           32%        N/A       7%          2
c - Vhi's Electric Charg  Tloc/Air       32%        N/A       13%         3
d - Teleport Other        Tloc           16%        N/A       13%         3
e - Manifold Assault      Tloc           16%        N/A       41%         4
f - Freeze                Ice            64%        1d7       4%          1
Your spell library was empty.

Dungeon Overview and Level Annotations

Branches:
Dungeon (3/15)

Altars:

Annotations:
D:2 Robin, Terence


Innate Abilities, Weirdness & Mutations

You are immune to sickness and miasma.
You are immune to poison.
Your flesh is very heat resistant. (rF++)
You are vulnerable to cold. (rC-)
You float through the air rather than walking.
You learn spells naturally, not from books.
Your magical power is your life essence.
You have superior vitality. (+4 MHP)


Message History

The orc hits you with a +0 hand axe.
You closely miss the orc.
The orc is lightly wounded.
The orc barely misses you. The orc closely misses you.
You closely miss the orc.
The orc is lightly wounded.
The orc hits you with a +0 hand axe.
You slash the orc!
You kill the orc!
Things that are here:
a +0 hand axe; an orc corpse You start resting.
HP restored.
An orc wizard and 2 orcs come into view.
The orc wizard shouts!
The orc shouts! x2
Things that are here:
a +0 hand axe; an orc corpse You slash the orc!
You kill the orc!
You closely miss the orc wizard.
The orc wizard hits you with a +0 dagger.
You closely miss the orc wizard. The orc wizard barely misses you.
The orc wizard hits you with a +0 dagger.
You hit the orc wizard.
The orc wizard is moderately wounded.
The orc wizard hits you but does no damage.
You barely miss the orc wizard.
The orc wizard is moderately wounded.
The orc wizard closely misses you.
You barely miss the orc wizard.
The orc wizard is moderately wounded.
The orc wizard closely misses you.
You completely miss the orc wizard.
The orc wizard is moderately wounded.
The orc wizard closely misses you.
You hit the orc wizard.
The orc wizard is heavily wounded.
The orc wizard hits you with a +0 dagger. x2
You barely miss the orc wizard.
The orc wizard is heavily wounded.
The orc wizard gestures wildly while chanting.
The orc wizard flickers and vanishes!
Deactivating autopickup; reactivate with Ctrl-A.
You miss something.
You hear some strange, mumbled words.
You are confused.
You hit something.
You hear some strange, mumbled words.
A magic dart appears from out of thin air!
The magic dart hits you!
You bump into the rock wall.
You hear some strange, mumbled words.
A puff of flame appears from out of thin air!
The puff of flame hits you. You resist.
You bump into the rock wall.
Something hits you.
You're too confused to move!
Something hits you.
* * * LOW HITPOINT WARNING * * *
You miss something. Something hits you.
* * * LOW HITPOINT WARNING * * *
Something hits you but does no damage.
You bump into the rock wall.
You feel less confused. Something hits you.
* * * LOW HITPOINT WARNING * * *
Casting: Blink (safe; 7% risk of failure)
Confirm with . or Enter, or press ? or * to list all spells.
You blink.
Found a scroll labelled UHURETR CUCI.
Found a stone staircase leading down.
* * * LOW HITPOINT WARNING * * *
You see here a scroll labelled UHURETR CUCI.
Casting: Blink (safe; 7% risk of failure)
Confirm with . or Enter, or press ? or * to list all spells.
The spell is quite dangerous to miscast (13% risk of failure)!
Continue anyway?
Okay, then.
Casting: Teleport Other (quite dangerous; 13% risk of failure)
Confirm with . or Enter, or press ? or * to list all spells.
The spell is extremely dangerous to miscast (41% risk of failure)!
Continue anyway?
Space momentarily warps into an impossible shape!
You slash the orc!
You kill the orc!
* * * LOW HITPOINT WARNING * * *
You feel stable enough to blink again.
You closely miss something. Something hits you.
* * * LOW HITPOINT WARNING * * *
You barely miss something. Something hits you.
* * * LOW HITPOINT WARNING * * *
You hit something but do no damage.
You hear some strange, mumbled words.
A magic dart appears from out of thin air!
The magic dart hits you.
* * * LOW HITPOINT WARNING * * *
You hear some strange, mumbled words.
A puff of flame appears from out of thin air!
The puff of flame hits you. You resist.
You die... oo.

..# # #.# #># #.##
#.####.#### #...#
##)o.)....#
.....###)####.##.#
#.# #.#.## #.# #.#
#..# #?# #.# ##.##
#{#
#.####...####@#
#<............#
#.####...######
#.# #...# #.#
...... ###
........#
........#
###(....## #.....#


There were no monsters in sight!

Vanquished Creatures
  2 adders (D:2)
  A gnoll (D:1)
  2 dart slugs
  3 orcs (D:3)
  3 ball pythons
  4 endoplasms
  2 giant cockroaches
  10 goblins (D:2)
  4 hobgoblins
  7 jackals (D:2)
  4 quokkas (D:1)
  3 bats (D:1)
  A frilled lizard (D:1)
  4 rats
50 creatures vanquished.

Notes
Turn   | Place    | Note
-------+----------+-------------------------------------------
     0 | D:1      | RascalDebosk the Djinni Warper began the quest for the Orb.
     0 | D:1      | RascalDebosk set off with the following spells memorised:
                  | Blink, Lesser Beckoning, Vhi's Electric Charge, Teleport
                  | Other, Manifold Assault.
     0 | D:1      | Reached XP level 1. HP: 18/18 MP: 0/0
    71 | D:1      | Reached XP level 2. HP: 7/23 MP: 0/0
   274 | D:1      | Reached skill level 3 in Spellcasting
   493 | D:1      | Found a faded altar of an unknown god.
   631 | D:1      | Reached XP level 3. HP: 22/28 MP: 0/0
   631 | D:1      | Learned a level 1 spell: Freeze
  1027 | D:2      | Reached XP level 4. HP: 24/33 MP: 0/0
  1068 | D:2      | Noticed Robin
  1202 | D:2      | Reached skill level 4 in Spellcasting
  1226 | D:2      | Noticed Terence
  1544 | D:3      | Killed from afar by an orc wizard

Illustrated notes

Levels and vault maps discovered:
D:1:      nicolae_arrival_memento_mori, layout_rooms,
          chequers_ecumenical_altar_grove, minmay_tromino_v4_b
D:2:      layout_basic, uniq_terence, uniq_robin, uniq_jessica
D:3:      kennysheep_big_flooded_room, layout_loops_ring, gammafunk_ghost_smash

Skill      XL: |  1  2  3  4 |
---------------+-------------+-----
Spellcasting   | 3 4 |  4.0
Fighting       | |  2.1
Long Blades    | |  1.8
Throwing       | |  0.7
Armour         | |  1.0
Dodging        | |  2.1

Action                     |  1- 3 |  4- 6 || total
---------------------------+-------+-------++-------
  Melee: Falchion          |    89 |    90 ||   179
         Punch             |       |     1 ||     1
  Throw: Boomerang         |     1 |     6 ||     7
   Cast: Freeze            |     9 |     2 ||    11
         Blink             |     1 |     3 ||     4
         Vhi's Electric Ch |     1 |       ||     1
         Manifold Assault  |       |     1 ||     1
    Use: Scroll            |       |     1 ||     1
 Armour: Leather armour    |    20 |    28 ||    48
  Dodge: Dodged            |    65 |    58 ||   123
